 Dungeon Crawl Stone Soup version 0.29-a0-2-g12fcac58f8 (webtiles) character file.

Game seed: 14481881387178183301

2259 bladeefan the Cleaver (level 9, -3/69 (79) HPs)
             Began as a Minotaur Chaos Knight on Jan 26, 2022.
             Was a Plaything of Xom.
             Slain by a wight (11 damage)
             ... on level 7 of the Dungeon.
             The game lasted 00:12:06 (7431 turns).

bladeefan the Cleaver (Minotaur Chaos Knight)       Turns: 7431, Time: 00:12:07

HP:   -3/69 (79)    AC:  7    Str: 22    XL:     9   Next: 15%
MP:   0/17          EV: 10    Int:  9    God:    Xom [.*....]
Gold: 252           SH:  6    Dex:  9    Spells: 8/8 levels left

rFire   . . .      SeeInvis .   u - +0 hand axe
rCold   . . .      Faith    .   g - +0 kite shield
rNeg    . . .      Spirit   +   n - +0 ring mail
rPois   .          Reflect  .   (helmet restricted)
rElec   .          Harm     .   b - +0 cloak
rCorr   .          Rampage  .   (no gloves)
Will    .....                   (no boots)
Stlth   ..........              l - amulet of guardian spirit
HPRegen 0.21/turn               m - ring of magical power
MPRegen 0.15/turn               (no ring)

@: heavily drained
A: horns 2, retaliatory headbutt, MP-powered wands
a: Renounce Religion


You were on level 7 of the Dungeon.
You worshipped Xom.
You were a plaything of Xom.
You visited 1 branch of the dungeon, and saw 7 of its levels.

You collected 252 gold pieces.

Inventory:

Hand Weapons
 u - a +0 hand axe (weapon)
   (You took it off an orc on level 4 of the Dungeon)
Missiles
 x - a throwing net (quivered) {!f}
Armour
 b - a +0 cloak (worn)
   (You found it on level 2 of the Dungeon)
 g - a +0 kite shield (worn)
   (You found it on level 1 of the Dungeon)
 n - a +0 ring mail (worn)
   (You found it on level 2 of the Dungeon)
Jewellery
 l - an amulet of guardian spirit (around neck)
   (You found it on level 1 of the Dungeon)
 m - a ring of magical power (left hand)
   (You found it on level 1 of the Dungeon)
Wands
 d - a wand of iceblast (9)
   (You took it off a goblin on level 4 of the Dungeon)
 t - a wand of flame (15)
   (You took it off a goblin on level 5 of the Dungeon)
 v - a wand of polymorph (12)
   (You found it on level 4 of the Dungeon)
Scrolls
 a - 3 scrolls of noise {!r}
 f - 2 scrolls of amnesia
 h - 6 scrolls of teleportation {@r4}
 k - a scroll of magic mapping
 p - a scroll of fear {unknown}
 q - 2 scrolls of blinking
 r - 5 scrolls of immolation {!r}
 s - a scroll of vulnerability {!r}
 w - a scroll of acquirement {unknown}
 y - a scroll of torment {unknown}
Potions
 c - a potion of heal wounds {@q2}
 e - a potion of curing {unknown}
 i - 2 potions of brilliance
 j - a potion of attraction {!q}
 o - a potion of invisibility {unknown}
 z - a potion of lignification {unknown}
 A - a potion of magic {unknown}
 B - a potion of cancellation {unknown}
 C - a potion of resistance {unknown}
 D - a potion of might {unknown}


   Skills:
 + Level 7.4 Fighting
 * Level 10.0 Axes
 + Level 6.9 Armour
 + Level 5.9 Dodging


You had 8 spell levels left.
You didn't know any spells.
Your spell library contained the following spells:

 Spells                   Type           Power      Damage    Failure   Level
 Animate Skeleton         Necr           0%         N/A       92%         1
 Apportation              Tloc           0%         N/A       92%         1
 Summon Small Mammal      Summ           0%         N/A       92%         1
 Conjure Ball Lightning   Conj/Air       0%         3x3d6     100%        6
 Discord                  Hex            0%         N/A       100%        8
 Disjunction              Tloc           0%         N/A       100%        8


Dungeon Overview and Level Annotations

Branches:
Dungeon (7/15)             Temple (0/1) D:6

Altars:
Ashenzari
Gozag
Vehumet

Annotations:
D:4 3 runed translucent doors, swinepaste's ghost, amateur DEFE
D:6 3 runed translucent doors, croobank's ghost, novice OpMo


Innate Abilities, Weirdness & Mutations

You have a pair of horns on your head.
You reflexively headbutt those who attack you in melee.
You expend magic power (3 MP) to strengthen your wands.


Message History

There is a stone staircase leading down here.
You climb downwards.
Found a bubbling grey potion and 17 gold pieces.
There is a stone staircase leading up here.
Found a book of Scorching.
A wight comes into view.
It is wielding a +4 halberd of freezing.
A wight is nearby!
A wight is nearby!
A wight is nearby!
Found a scroll labelled JOYNUO KIRPHEO.
Found a robe.
Found a stone staircase leading down.
You see here a bubbling grey potion.
The wight hits you with a +4 halberd of freezing.
The wight freezes you. The wight completely misses you.
You see here a bubbling grey potion.
The wight hits you from afar with a +4 halberd of freezing.
The wight freezes you.
The wight hits you with a +4 halberd of freezing.
You feel drained. The wight freezes you.
You hit the wight but do no damage.
The wight hits you with a +4 halberd of freezing!
You feel drained. The wight freezes you!
You barely miss the wight. The wight barely misses you.
You hit the wight. Your headbutt misses the wight.
The wight closely misses you. You furiously retaliate!
You headbutt the wight. You hit the wight.
The wight hits you with a +4 halberd of freezing!
The wight freezes you.
* * * LOW HITPOINT WARNING * * *
You hit the wight but do no damage.
The wight hits you with a +4 halberd of freezing.
* * * LOW HITPOINT WARNING * * *
You feel drained. The wight freezes you.
* * * LOW HITPOINT WARNING * * *
You hit the wight.
The wight hits you with a +4 halberd of freezing.
* * * LOW HITPOINT WARNING * * *
You feel drained. The wight freezes you.
* * * LOW HITPOINT WARNING * * *
You closely miss the wight. Your headbutt misses the wight.
The wight hits you with a +4 halberd of freezing!
* * * LOW HITPOINT WARNING * * *
You feel drained.
* * * LOW HITPOINT WARNING * * *
The wight freezes you.
* * * LOW HITPOINT WARNING * * *
You hit the wight but do no damage.
The wight hits you with a +4 halberd of freezing!
You die...

# . # #. ###.#
#. .... .#
#$###.?.
....#...#.###..
>.........[....
.##.#.#z###....
.. #.@.# . #..
#.### ... #.<#
.. #..# .
.....:
#........
#.....#.#..
#.#.#.#.# .
#.#.#.. .


You could see a wight.

Vanquished Creatures
  A cyclops (D:6)
  A golden eye (shapeshifter) (D:3)
  A black bear (D:6)
  3 ogres
  2 ice beasts
  A phantom (D:5)
  A kobold brigand (D:6)
  A bullfrog (D:6)
  3 scorpions
  4 wights (D:6)
  A bullfrog zombie (D:5)
  3 hounds (D:6)
  An orc priest (D:6)
  2 iguanas (D:4)
  3 orc wizards
  2 hound skeletons
  3 gnolls
  A howler monkey skeleton (D:5)
  7 adders
  An ufetubus (D:6)
  2 worms
  3 dart slugs
  23 orcs
  4 ball pythons
  10 endoplasms
  4 giant cockroaches
  11 goblins
  10 hobgoblins
  27 kobolds
  3 quokkas
  6 bats
  3 frilled lizards (D:2)
  3 rats
151 creatures vanquished.

Vanquished Creatures (collateral kills)
  A water moccasin (D:4)
  A howler monkey (D:4)
  A dart slug (D:4)
3 creatures vanquished.

Vanquished Creatures (others)
  14 plants (D:6)
14 creatures vanquished.

Grand Total: 168 creatures vanquished

Notes
Turn   | Place    | Note
-------+----------+-------------------------------------------
     0 | D:1      | bladeefan the Minotaur Chaos Knight began the quest for the
                  | Orb.
     0 | D:1      | Reached XP level 1. HP: 19/19 MP: 0/0
    20 | D:1      | Reached XP level 2. HP: 17/27 MP: 1/1
   204 | D:1      | Reached skill level 4 in Axes
   253 | D:1      | XOM: silly message
   519 | D:1      | XOM: silly message
   534 | D:1      | Reached XP level 3. HP: 29/33 MP: 2/2
   693 | D:1      | Found a faded altar of an unknown god.
   892 | D:1      | XOM: silly message
   946 | D:2      | XOM: cast spell 'Alistair's Intoxication'
  1173 | D:2      | XOM: 1-stop teleportation journey
  1262 | D:2      | XOM: summons 2 hostile shadow creatures
  1536 | D:2      | Reached XP level 4. HP: 39/40 MP: 3/3
  1773 | D:2      | XOM: god gift: scroll labelled ZAN ZIREKHOV {god gift}
  1951 | D:3      | Reached skill level 5 in Axes
  2102 | D:3      | Noticed a shapeshifter
  2102 | D:3      | an adder changed into a shapeshifter
  2102 | D:3      | Noticed a golden eye
  2102 | D:3      | a shapeshifter changed into a golden eye
  2106 | D:3      | Killed a golden eye
  2107 | D:3      | Reached XP level 5. HP: 45/47 MP: 4/4
  2252 | D:3      | Reached XP level 6. HP: 41/55 MP: 5/5
  2254 | D:3      | Reached skill level 6 in Axes
  2391 | D:3      | XOM: divination: detect creatures
  2439 | D:3      | XOM: smoke on damage
  2519 | D:3      | Reached skill level 5 in Fighting
  2871 | D:4      | XOM: 1-stop teleportation journey
  2933 | D:4      | Reached XP level 7. HP: 31/61 MP: 6/6
  3074 | D:4      | XOM: noise
  3102 | D:4      | XOM: summons friendly ufetubus
  3105 | D:4      | Reached skill level 7 in Axes
  3184 | D:4      | Found a runed translucent gate.
  3185 | D:4      | Found a runed translucent gate.
  3185 | D:4      | Noticed swinepaste's ghost (amateur DEFE)
  3186 | D:4      | Found a runed translucent gate.
  3192 | D:4      | Reached skill level 5 in Armour
  3306 | D:4      | XOM: god gift: scroll of blinking
  3457 | D:4      | Found an opulent altar of Gozag.
  3497 | D:4      | XOM: divination: magic mapping
  3552 | D:4      | XOM: give mutation
  3552 | D:4      | Gained mutation: You expend magic power (3 MP) to
                  | strengthen your wands. [Xom's grace]
  3661 | D:5      | Entered Level 5 of the Dungeon
  3685 | D:5      | Found a radiant altar of Vehumet.
  3885 | D:5      | XOM: divination: detect items
  4134 | D:5      | Reached skill level 8 in Axes
  4134 | D:5      | Reached XP level 8. HP: 55/70 MP: 7/7
  4242 | D:5      | Found a broken altar of Ashenzari.
  4254 | D:5      | XOM: 2-stop teleportation journey
  4357 | D:5      | XOM: chaos upgrade
  4405 | D:4      | XOM: cloud trail
  4798 | D:5      | XOM: smoke on damage
  5149 | D:6      | Found a runed translucent gate.
  5150 | D:6      | Found a runed translucent gate.
  5151 | D:6      | Found a runed translucent gate.
  5152 | D:6      | Noticed croobank's ghost (novice OpMo)
  5265 | D:6      | XOM: summons friendly quasit
  5291 | D:6      | Reached skill level 5 in Dodging
  5399 | D:6      | Reached skill level 9 in Axes
  5478 | D:6      | XOM: 6-stop teleportation journey
  5528 | D:6      | XOM: polymorph quasit -> white imp
  5986 | D:6      | XOM: 2-stop teleportation journey
  6026 | D:6      | XOM is BORED!
  6058 | D:6      | Found a staircase to the Ecumenical Temple.
  6226 | D:6      | Noticed a cyclops
  6267 | D:6      | XOM: summons 5 hostile demons
  6288 | D:6      | Killed a cyclops
  6289 | D:6      | Reached XP level 9. HP: 14/79 MP: 5/8
  6630 | D:6      | XOM: summons 3 friendly demons
  6635 | D:6      | XOM: confusion (+ monsters)
  6647 | D:6      | Reached skill level 10 in Axes
  7431 | D:7      | Slain by a wight

Illustrated notes

Levels and vault maps discovered:
D:1:      dpeg_arrival_orchard, layout_rooms,
          shapermc_ecumenical_altar_hornbeckon
D:2:      layout_loops_ring, hangedman_decor_push
D:3:      layout_rooms, kennysheep_generic_room_13
D:4:      layout_rooms, mainiacjoe_overflow_catwalk, gammafunk_ghost_split
D:5:      layout_gridville, vehumet_altar_wand_db, evilmike_ruin_ashenzari,
          chequers_serial_rivers_micro_e
D:6:      kennysheep_kobold_camp, layout_loops_ring,
          minmay_temple_entry_from_below_a, gammafunk_ghost_necromancy,
          chequers_serial_rivers_small_a, kennysheep_opposing_triangles
D:7:      layout_basic, minmay_between

Skill      XL: |  1  2  3  4  5  6  7  8  9 |
---------------+----------------------------+-----
Axes           | 4 5 6 8 9 10 | 10.0
Fighting       | 4 5 6 7 |  7.4
Armour         | 3 4 5 6 |  6.9
Dodging        | 2 3 4 5 |  5.9

Action                   |  1- 3 |  4- 6 |  7- 9 || total
-------------------------+-------+-------+-------++-------
Melee: Hand axe          |    94 |   126 |   246 ||   466
       Headbutt          |     8 |    17 |    44 ||    69
  Use: Scroll            |       |     3 |     7 ||    10
       Potion            |       |       |     3 ||     3
 Stab: Paralysed         |       |     3 |     2 ||     5
       Confused          |       |       |     1 ||     1
Armor: Leather armour    |    13 |       |       ||    13
       Ring mail         |    13 |    44 |   107 ||   164
Dodge: Dodged            |    36 |    52 |   139 ||   227
Block: Kite shield       |    20 |    37 |    82 ||   139

Table legend: (Time is in decaauts)
 A = Elapsed time spent in this place.
 B = Non-inter-level travel time spent in this place.
 C = Inter-level travel time spent in this place.
 D = Time resting spent in this place.
 E = Time spent auto-exploring this place.
 F = Levels seen in this place.
 G = Mean time per level.
                   A        B        C        D        E       F      G
               +--------+--------+--------+--------+--------+-----+--------+
         Total |   7512 |   7335 |    177 |    734 |   5263 |   7 | 1073.1 |
       Dungeon |   7512 |   7335 |    177 |    734 |   5263 |   7 | 1073.1 |
               +--------+--------+--------+--------+--------+-----+--------+

Top non-repeatable levels by time:
     D:6: 2356 daAuts
     D:5: 1207 daAuts
     D:4: 1114 daAuts
     D:2: 1011 daAuts
     D:1: 946 daAuts
     D:3: 858 daAuts
     D:7: 17 daAuts
